 Dungeon Crawl Stone Soup version 0.26-a0-812-g31a745ddcd (webtiles) character file.

Game seed: 4713427767099159932

89 Borgoz the Twirler (level 4, -11/28 HPs)
             Began as a Gargoyle Gladiator on Dec 7, 2020.
             Splashed by an oklob plant's acid (17 damage)
             ... on level 2 of the Dungeon.
             The game lasted 00:03:12 (1995 turns).

Borgoz the Twirler (Gargoyle Gladiator)             Turns: 1995, Time: 00:03:13

Health: -11/28     AC:  7    Str: 17    XL:     4   Next: 55%
Magic:  4/4        EV: 12    Int:  9    God:
Gold:   120        SH:  0    Dex: 12    Spells: 3/3 levels left

rFire    . . .     SeeInvis .   a - +0 quarterstaff
rCold    . . .     Faith    .   (shield currently unavailable)
rNeg     + . .     Spirit   .   o - +0 ring mail
rPois    ∞         Reflect  .   c - +0 helmet
rElec    +         Harm     .   (no cloak)
rCorr    .         Rampage  .   h - +0 pair of gloves
MR       .....                  (no boots)
Stlth    +.........             (no amulet)
HPRegen  0.09/turn              (no ring)
MPRegen  0.09/turn              (no ring)

@: corroded
A: negative energy resistance 1, electricity resistance, unbreathing,
petrification resistance, rot immunity, AC +3
a: no special abilities


You were on level 2 of the Dungeon.
You visited 1 branch of the dungeon, and saw 2 of its levels.

You collected 120 gold pieces.

Inventory:

Hand Weapons
 a - a +0 quarterstaff (weapon)
Missiles
 d - 2 throwing nets (quivered)
Armour
 c - a +0 helmet (worn)
 h - a +0 pair of gloves (worn)
 o - a +0 ring mail (worn)
Wands
 p - a wand of digging (6)
Scrolls
 b - a scroll of immolation {unknown}
 f - 2 scrolls of teleportation {unknown}
 i - a scroll of blinking {unknown}
 j - a scroll of fear {unknown}
 k - 2 scrolls of remove curse
 l - a scroll of enchant armour {unknown}
 m - 2 scrolls of identify {unknown}
 n - a scroll of random uselessness {unknown}
 r - a scroll of amnesia {unknown}
 t - a scroll of magic mapping {unknown}
Potions
 e - 2 potions of curing {unknown}
 g - a potion of heal wounds {unknown}
 q - a potion of resistance {unknown}
 s - 2 potions of cancellation {unknown}
 v - a potion of flight {unknown}


   Skills:
 + Level 3.1 Fighting
 + Level 3.6 Staves
 - Level 1.7 Throwing
 + Level 2.0 Armour
 + Level 3.0 Dodging


You had 3 spell levels left.
You didn't know any spells.
Your spell library was empty.

Dungeon Overview and Level Annotations

Branches:
Dungeon (2/15)

Altars:
Fedhas

Annotations:
D:2 exclusion: oklob plant


Innate Abilities, Weirdness & Mutations

You are resistant to torment.
Your stone body is resilient. (AC +3)
You are immune to poison.
You resist negative energy. (rN+)
You are resistant to electric shocks. (rElec)
You can survive without breathing.
You are immune to petrification.
You are immune to rotting.


Message History

You sock the fungus!
The fungus is lightly damaged.
You hit the fungus.
The fungus is lightly damaged.
A nearby fungus withers and dies.
You sock the fungus!
The fungus begins to die.
The fungus is lightly damaged.
You thump the fungus!
The fungus is lightly damaged.
You hit the fungus.
The fungus is lightly damaged.
A nearby fungus withers and dies.
The oklob plant spits acid at you. The splash of acid hits you.
The acid corrodes you!
You are splashed with acid!
The oklob plant spits acid at you. The splash of acid hits you.
* * * LOW HITPOINT WARNING * * *
You are splashed with acid!
Ouch! That really hurt!
You die... ################### #PPPP.PPP#P#P.PP#PP #PPP.PPP##PPPPP.PP# #PP......#.PP.PPP#. ##..PPPP#.PPP##PPPP

#P.PPP.#.....=.PP#P
#.@PPPP..≈≈.≈≈..PP#
#P.#PP..≈≈≈.≈≈≈..P#
##.....≈≈≈≈.≈≈≈≈..P
#PP#..≈≈≈≈≈.≈≈≈≈≈.P
#P#.#.≈≈≈≈...≈≈≈≈.P
##....≈≈≈≈._.≈≈≈≈.P
#.###.≈≈≈≈...≈≈≈≈.P
###P#.≈≈≈≈≈≈≈≈≈≈≈..
#P##P..≈≈≈≈≈≈≈≈≈...


You could see an oklob plant.

Vanquished Creatures
  Jessica (D:2)
  An adder (D:2)
  A gnoll (D:2)
  An ooze (D:2)
  2 worms (D:2)
  3 dart slugs
  A ball python (D:1)
  4 bats
  A giant cockroach (D:1)
  4 goblins
  2 hobgoblins
  2 kobolds
  7 frilled lizards
  2 rats (D:2)
32 creatures vanquished.

Vanquished Creatures (others)
  6 fungi (D:2)
  8 plants (D:2)
14 creatures vanquished.

Grand Total: 46 creatures vanquished

Notes
Turn   | Place    | Note
-------+----------+-------------------------------------------
     0 | D:1      | Borgoz the Gargoyle Gladiator began the quest for the Orb.
     0 | D:1      | Reached XP level 1. HP: 12/12 MP: 1/1
   331 | D:1      | Reached XP level 2. HP: 18/18 MP: 2/2
   436 | D:1      | Reached skill level 1 in Armour
   722 | D:2      | Reached XP level 3. HP: 22/22 MP: 3/3
   814 | D:2      | Found a faded altar of an unknown god.
   902 | D:2      | Noticed Jessica
   919 | D:2      | Killed Jessica
   919 | D:2      | Reached XP level 4. HP: 13/28 MP: 4/4
  1433 | D:2      | Found a blossoming altar of Fedhas.
  1448 | D:2      | Noticed an oklob plant
  1995 | D:2      | Splashed by an oklob plant's acid

Illustrated notes

Levels and vault maps discovered:
D:1:      minmay_arrival_solitary_statue, layout_basic
D:2:      minmay_general_purpose_star, layout_basic,
          chequers_ecumenical_altar_twisty, tgw_fedhas, uniq_jessica

Skill      XL: |  1  2  3  4 |
---------------+-------------+-----
Armour         | 1 2 |  2.0
Fighting       | 3 |  3.1
Dodging        | 3 |  3.0
Staves         | |  3.6
Throwing       | |  1.7

Action                   |  1- 3 |  4- 6 || total
-------------------------+-------+-------++-------
Melee: Quarterstaff      |    75 |    78 ||   153
Throw: Throwing net      |     2 |       ||     2
  Use: Scroll            |       |     1 ||     1
Armor: Leather armour    |    33 |       ||    33
       Ring mail         |     2 |     6 ||     8
Dodge: Dodged            |    42 |    10 ||    52

Table legend: (Time is in decaauts)
 A = Elapsed time spent in this place.
 B = Non-inter-level travel time spent in this place.
 C = Inter-level travel time spent in this place.
 D = Time resting spent in this place.
 E = Time spent auto-exploring this place.
 F = Levels seen in this place.
 G = Mean time per level.
                   A        B        C        D        E       F      G
               +--------+--------+--------+--------+--------+-----+--------+
         Total |   2017 |   1998 |     19 |    192 |   1411 |   2 | 1008.5 |
       Dungeon |   2017 |   1998 |     19 |    192 |   1411 |   2 | 1008.5 |
               +--------+--------+--------+--------+--------+-----+--------+

Top non-repeatable levels by time:
     D:2: 1349 daAuts
     D:1: 668 daAuts
